 Dungeon Crawl Stone Soup version 0.31.0-11-ge490571c62 (webtiles) character file.

Game seed: 1297739823024133737

26940 qw the Spry (level 13, -6/65 HPs)
             Began as a Spriggan Hunter on Feb 4, 2024.
             Was the Champion of Okawaru.
             Mangled by an eight-headed hydra (9 damage)
             ... on level 3 of the Lair of Beasts.
             The game lasted 00:01:21 (11458 turns).

qw the Spry (Spriggan Hunter)                      Turns: 11458, Time: 00:01:22

Health: -6/65      AC:  3    Str:  7    XL:     13   Next: 1%
Magic:  21/21      EV: 41    Int: 11    God:    Okawaru [******]
Gold:   594        SH:  5    Dex: 29    Spells: 12/12 levels left

rFire   . . .        t - +5 arbalest (drain)
rCold   . . .        (shield currently unavailable)
rNeg    . . .        c - +0 troll leather armour
rPois   .            (helmet restricted)
rElec   .            (no cloak)
rCorr   .            (gloves unavailable)
SInv    +            (boots unavailable)
Will    ++...        q - amulet of reflection
Stlth   ++           k - +6 ring of dexterity
HPRegen 1.10/turn    n - +5 ring of evasion
MPRegen 0.17/turn

%: reflection
@: about to teleport, very quick
A: very small, no large weapons, unfitting armour, see invisible, speed 3
a: Renounce Religion, Heroism, Finesse, Duel


You were on level 3 of the Lair of Beasts.
You worshipped Okawaru.
Okawaru was exalted by your worship.
You visited 3 branches of the dungeon, and saw 15 of its levels.

You collected 730 gold pieces.
You spent 136 gold pieces at shops.


Innate Abilities, Weirdness & Mutations

You are very small and have problems with some larger weapons.
You are too small for most types of armour.
You have supernaturally acute eyesight. (SInv)
You cover ground extremely quickly. (Speed+++)


   Skills:
 - Level 6.0 Fighting
 + Level 14.4 Ranged Weapons
 - Level 1.1 Armour
 - Level 16.1 Dodging
 - Level 1.5 Stealth
 - Level 10.0 Invocations


You had 12 spell levels left.
You didn't know any spells.
Your spell library was empty.

Inventory:

Hand Weapons
 t - a +5 arbalest of draining (weapon)
Armour
 c - a +0 troll leather armour (worn)
 r - the +2 hat of Abstinence {Dex+5}
   (Okawaru gifted it to you on level 3 of the Lair of Beasts)

   Dex+5:     It affects your dexterity (+5).
Jewellery
 k - a +6 ring of dexterity (left hand)
 n - a +5 ring of evasion (right hand)
 q - an amulet of reflection (around neck)
Wands
 d - a wand of roots (16)
 f - a wand of mindburst (7)
 g - a wand of charming (5)
 i - a wand of polymorph (11)
 l - a wand of digging (15)
Scrolls
 b - 5 scrolls of teleportation
Potions
 a - a potion of enlightenment
 e - 9 potions of curing
 h - a potion of resistance
 m - a potion of heal wounds
 p - a potion of might
 s - a potion of haste {unknown}

Dungeon Overview and Level Annotations

Branches:
Dungeon (11/15)            Temple (1/1) D:7            Lair (3/5) D:11
  Swamp (0/4) Lair:2        Snake (0/4) Lair:2          Orc (0/2) D:10

Altars:
Ashenzari
Cheibriados
Dithmenos
Elyvilon
Fedhas
Gozag
Hepliaklqana
Kikubaaqudgha
Makhleb
Nemelex Xobeh
Okawaru
Qazlal
Ru
Sif Muna
Trog
Uskayaw
Vehumet
Wu Jian
Xom
Yredelemnul
Zin
The Shining One

Shops:
D:8 =(((

Annotations:
D:11 2 transporters, qw's ghost, journeyman DEHu
Lair:2 3 runed translucent doors, qw's ghost, journeyman DEHu; qw's ghost, journeyman SpHu


Message History

Okawaru accepts your kill. Okawaru grants you throwing weapons!
Something appears at your feet!
You block the eight-headed hydra's attack.
The eight-headed hydra bites you!
The eight-headed hydra closely misses you.
The eight-headed hydra bites you! x2; The eight-headed hydra bites you.
The eight-headed hydra completely misses you. x2
You shoot a bolt. The bolt hits the eight-headed hydra!!
The eight-headed hydra is moderately wounded.
The eight-headed hydra completely misses you. x2
You block the eight-headed hydra's attack.
The eight-headed hydra completely misses you. x4
The eight-headed hydra misses you.
You shoot a bolt.
The bolt barely misses the eight-headed hydra.
The eight-headed hydra misses you. x2
The eight-headed hydra completely misses you. x2
The eight-headed hydra closely misses you.
The eight-headed hydra barely misses you.
You block the eight-headed hydra's attack.
The eight-headed hydra completely misses you.
You shoot a bolt.
The bolt barely misses the eight-headed hydra.
The eight-headed hydra completely misses you.
The eight-headed hydra bites you!
The eight-headed hydra completely misses you. x3
The eight-headed hydra misses you.
The eight-headed hydra completely misses you.
You block the eight-headed hydra's attack.
The eight-headed hydra barely misses you.
The eight-headed hydra completely misses you. x2
The eight-headed hydra bites you!
The eight-headed hydra closely misses you.
The eight-headed hydra misses you. x2; The eight-headed hydra bites you.
11458 ||| READING 6 scrolls of teleportation.
As you read the scroll of teleportation, it crumbles to dust.
You feel strangely unstable.
The eight-headed hydra completely misses you. x3
The eight-headed hydra bites you!
You die...

### ##.# #### #
##########.######.#.#.#.
....................Y...
.................YY...
.#.###........%.%##.##
...# ####.......#%P..#
..#######......#@%..#
.......##......##D..#
..##...........+ ...#
.#####..#............+
.########......P#...##
[P##.###P......##.P..
P............... +.+#.
............ .. ..
<...........


You could see an eight-headed hydra.

Vanquished Creatures
  A hydra (Lair:3)
  Erica (D:9)
  A centaur warrior (D:11)
  A deep troll (Lair:2)
  A salamander (Lair:2)
  2 cyclopes
  A will-o-the-wisp (Lair:2)
  3 black mambas
  8 elephants
  A gargoyle (D:10)
  7 cane toads
  10 komodo dragons
  2 rime drakes
  2 trolls
  3 polar bears
  18 blink frogs
  Sigmund (D:4)
  A wraith (D:11)
  4 wyverns
  17 yaks
  Eustachio (D:4)
  3 basilisks
  A steam dragon (D:10)
  2 acid dragons (D:9)
  7 water moccasins
  4 ice beasts
  4 orc warriors
  3 black bears
  An ogre (D:5)
  8 wolves (Lair:2)
  3 centaurs
  A phantom (D:6)
  3 kobold brigands
  Blork the orc (D:5)
  6 bullfrogs
  A scorpion (D:7)
  11 killer bees
  8 howler monkeys
  2 lava snakes (Lair:2)
  A jelly (D:7)
  5 orc priests
  A hound (D:4)
  4 gnoll boudas
  An iguana (D:5)
  7 orc wizards
  7 hell rats (Lair:2)
  15 gnolls
  7 adders
  A shadow imp (D:6)
  A white imp (D:6)
  2 ufetubi (D:6)
  3 ribbon worms
  3 dart slugs
  40 orcs
  4 ball pythons
  2 bats
  6 endoplasms
  5 giant cockroaches
  4 hobgoblins
  4 jackals (D:4)
  24 kobolds
  2 quokkas
  2 frilled lizards (D:3)
  9 goblins
  8 rats
323 creatures vanquished.

Vanquished Creatures (others)
  A butterfly (D:4)
1 creature vanquished.

Grand Total: 324 creatures vanquished

Notes
Turn   | Place    | Note
-------+----------+-------------------------------------------
     0 | D:1      | qw the Spriggan Hunter began the quest for the Orb.
     0 | D:1      | Reached XP level 1. HP: 10/10 MP: 2/2
     0 | D:1      | 0 ||| qw: Version: 0.3-a-160-g6735b56
     0 | D:1      | 0 ||| qw: Game counter: 5288
     0 | D:1      | 0 ||| qw: Melee chars always use a shield: true
     0 | D:1      | 0 ||| qw: God list: Okawaru
     0 | D:1      | 0 ||| qw: Allow faded altars: false
     0 | D:1      | 0 ||| qw: Do Orc after clearing Dungeon:15 true
     0 | D:1      | 0 ||| qw: Do second Lair branch before Depths: true
     0 | D:1      | 0 ||| qw: Lair rune preference: random
     0 | D:1      | 0 ||| qw: Goals: Normal
     0 | D:1      | 0 ||| PLANNING D:1-11
    22 | D:1      | Reached skill level 3 in Dodging
   266 | D:1      | Reached XP level 2. HP: 14/14 MP: 3/3
   469 | D:1      | 469 ||| UPGRADING to +4 ring of protection.
   470 | D:1      | 470 ||| UPGRADING to ring of willpower.
   471 | D:1      | 471 ||| READING scroll labelled ZOPUYCL MUSI.
   472 | D:1      | 472 ||| READING 2 scrolls labelled YLIRGH FUOTOLEVOTRU.
   473 | D:1      | 473 ||| DROPPING scroll of butterflies.
   474 | D:1      | 474 ||| DROPPING scroll of fog.
   482 | D:2      | Reached skill level 4 in Dodging
   637 | D:2      | Reached XP level 3. HP: 7/18 MP: 4/4
   862 | D:2      | Found a faded altar of an unknown god.
  1049 | D:2      | Reached XP level 4. HP: 21/22 MP: 5/5
  1223 | D:2      | 1223 ||| READING 3 scrolls labelled SEAQEFF EREDDE.
  1223 | D:2      | 1223 ||| IDENTIFYING lumpy amethyst potion
  1613 | D:3      | Reached skill level 5 in Dodging
  1893 | D:3      | 1893 ||| DROPPING +6 ring of intelligence.
  1894 | D:3      | 1894 ||| READING 5 scrolls of identify.
  1894 | D:3      | 1894 ||| IDENTIFYING scroll labelled JOGONIBASO
  1895 | D:3      | 1895 ||| READING 4 scrolls of identify.
  1895 | D:3      | 1895 ||| IDENTIFYING scroll labelled JUMMOI YSASUA
  1896 | D:3      | 1896 ||| DROPPING scroll of immolation.
  2110 | D:4      | Reached XP level 5. HP: 26/26 MP: 6/6
  2152 | D:4      | Found a white marble altar of Elyvilon.
  2312 | D:4      | Noticed Sigmund
  2313 | D:4      | 2313 ||| ZAPPING wand of flame (22) at 1,-6 (Sigmund;
                  | floor).
  2314 | D:4      | 2314 ||| ZAPPING wand of flame (21) at 0,-5 (Sigmund;
                  | floor).
  2315 | D:4      | 2315 ||| ZAPPING wand of flame (20) at 0,-4 (Sigmund;
                  | floor).
  2316 | D:4      | 2316 ||| ZAPPING wand of flame (19) at 0,-3 (Sigmund;
                  | floor).
  2317 | D:4      | 2317 ||| ZAPPING wand of flame (18) at 0,-2 (Sigmund;
                  | floor).
  2318 | D:4      | 2318 ||| ZAPPING wand of flame (17) at 0,-2 (Sigmund;
                  | floor).
  2319 | D:4      | 2319 ||| ZAPPING wand of flame (16) at 0,-2 (Sigmund;
                  | floor).
  2320 | D:4      | 2320 ||| ZAPPING wand of flame (15) at 0,-2 (Sigmund;
                  | floor).
  2321 | D:4      | 2321 ||| ZAPPING wand of flame (14) at 0,-2 (Sigmund;
                  | floor).
  2321 | D:4      | Killed Sigmund
  2322 | D:4      | Reached skill level 6 in Ranged Weapons
  2322 | D:4      | Reached XP level 6. HP: 22/30 MP: 7/7
  2581 | D:4      | Found a sparkling altar of Nemelex Xobeh.
  2668 | D:4      | Noticed Eustachio
  2669 | D:4      | 2669 ||| ZAPPING wand of flame (13) at 1,7 (Eustachio;
                  | floor).
  2674 | D:4      | 2674 ||| ZAPPING wand of flame (12) at -1,7 (Eustachio;
                  | floor).
  2676 | D:4      | 2676 ||| ZAPPING wand of flame (11) at 2,6 (Eustachio;
                  | floor).
  2677 | D:4      | 2677 ||| ZAPPING wand of flame (10) at 1,5 (Eustachio;
                  | floor).
  2678 | D:4      | 2678 ||| ZAPPING wand of flame (9) at 2,-1 (Eustachio;
                  | floor).
  2679 | D:4      | 2679 ||| ZAPPING wand of flame (8) at 1,0 (Eustachio;
                  | floor).
  2680 | D:4      | 2680 ||| ZAPPING wand of flame (7) at 1,0 (Eustachio;
                  | floor).
  2681 | D:4      | 2681 ||| ZAPPING wand of flame (6) at 1,0 (Eustachio;
                  | floor).
  2682 | D:4      | 2682 ||| ZAPPING wand of flame (5) at 1,0 (Eustachio;
                  | floor).
  2683 | D:4      | 2683 ||| ZAPPING wand of flame (4) at 1,0 (Eustachio;
                  | floor).
  2684 | D:4      | 2684 ||| ZAPPING wand of flame (3) at 1,0 (Eustachio;
                  | floor).
  2685 | D:4      | 2685 ||| ZAPPING wand of flame (2) at 1,0 (Eustachio;
                  | floor).
  2685 | D:4      | HP: 7/30 [Eustachio/+3 falchion of freezing (1)]
  2686 | D:4      | 2686 ||| READING 2 scrolls of teleportation.
  2687 | D:4      | 2687 ||| ZAPPING wand of flame (1) at 2,6 (Eustachio;
                  | floor).
  2688 | D:4      | HP: 3/30 [river rat[Eustachio] (5)]
  2729 | D:4      | 2729 ||| FLEEEEING.
  2733 | D:4      | Killed Eustachio
  2734 | D:4      | Reached skill level 6 in Dodging
  2857 | D:4      | 2857 ||| UPGRADING to ring of protection from cold.
  2859 | D:4      | 2859 ||| READING 4 scrolls of identify.
  2859 | D:4      | 2859 ||| IDENTIFYING scroll labelled HOXKEL XALISM
  2860 | D:4      | 2860 ||| READING scroll of enchant weapon.
  2860 | D:4      | 2860 ||| ENCHANTING +0 shortbow.
  2903 | D:5      | Entered Level 5 of the Dungeon
  2903 | D:5      | Noticed Blork the orc
  2910 | D:5      | 2910 ||| STAIRDANCE
  2995 | D:5      | Killed Blork the orc
  2996 | D:5      | Reached XP level 7. HP: 35/35 MP: 8/8
  3007 | D:5      | Found a hazy altar of Hepliaklqana.
  3136 | D:5      | Reached skill level 7 in Dodging
  3148 | D:5      | HP: 8/35 [poisoned by a water moccasin]
  3149 | D:5      | 3149 ||| READING scroll of teleportation.
  3283 | D:5      | HP: 8/35 [ogre/+0 giant club (27)]
  3464 | D:5      | Found a shimmering altar of Xom.
  3486 | D:5      | Reached skill level 8 in Dodging
  3752 | D:5      | Reached XP level 8. HP: 37/39 MP: 9/9
  3777 | D:5      | 3777 ||| SWAPPING to +0 orcbow.
  3778 | D:5      | 3778 ||| DROPPING +1 shortbow.
  3864 | D:6      | Reached skill level 3 in Fighting
  3971 | D:6      | 3971 ||| FLEEEEING.
  3972 | D:6      | 3972 ||| FLEEEEING.
  4041 | D:6      | Identified the +5 sling of Balance {elec, rElec Will- Int+4
                  | Dex+2}
  4045 | D:6      | 4045 ||| FLEEEEING.
  4046 | D:6      | 4046 ||| FLEEEEING.
  4048 | D:6      | 4048 ||| FLEEEEING.
  4049 | D:6      | 4049 ||| FLEEEEING.
  4050 | D:6      | 4050 ||| FLEEEEING.
  4052 | D:6      | 4052 ||| FLEEEEING.
  4053 | D:6      | 4053 ||| FLEEEEING.
  4055 | D:6      | 4055 ||| FLEEEEING.
  4056 | D:6      | 4056 ||| FLEEEEING.
  4057 | D:6      | 4057 ||| FLEEEEING.
  4059 | D:6      | 4059 ||| FLEEEEING.
  4060 | D:6      | 4060 ||| FLEEEEING.
  4061 | D:6      | 4061 ||| FLEEEEING.
  4063 | D:6      | 4063 ||| FLEEEEING.
  4483 | D:6      | Reached skill level 9 in Ranged Weapons
  4793 | D:6      | 4793 ||| DROPPING ring of resist corrosion.
  4794 | D:6      | 4794 ||| UPGRADING to +6 ring of dexterity.
  4796 | D:6      | 4796 ||| DROPPING ring of willpower.
  4797 | D:6      | 4797 ||| UPGRADING to +4 ring of protection.
  4799 | D:6      | 4799 ||| DROPPING ring of protection from cold.
  4800 | D:6      | 4800 ||| READING 3 scrolls of identify.
  4800 | D:6      | 4800 ||| IDENTIFYING 2 coppery potions
  4801 | D:6      | 4801 ||| READING 2 scrolls of identify.
  4801 | D:6      | 4801 ||| IDENTIFYING scroll labelled HIZIL HAJECEFO
  4802 | D:6      | 4802 ||| DROPPING scroll of noise.
  4829 | D:7      | Reached skill level 9 in Dodging
  4841 | D:7      | 4841 ||| RETREEEEATING.
  4842 | D:7      | 4842 ||| RETREEEEATING.
  4844 | D:7      | 4844 ||| RETREEEEATING.
  4845 | D:7      | 4845 ||| RETREEEEATING.
  4870 | D:7      | 4870 ||| RETREEEEATING.
  4875 | D:7      | Reached skill level 10 in Dodging
  4881 | D:7      | Reached XP level 9. HP: 37/44 MP: 10/10
  5039 | D:7      | Found a burning altar of Makhleb.
  5144 | D:7      | Found a staircase to the Ecumenical Temple.
  5145 | D:7      | 5145 ||| PLANNING TEMPLE
  5145 | D:7      | 5145 ||| READING scroll of identify.
  5145 | D:7      | 5145 ||| IDENTIFYING fizzy purple potion
  5146 | D:7      | 5146 ||| DROPPING potion of brilliance.
  5155 | Temple   | Entered the Ecumenical Temple
  5156 | Temple   | 5156 ||| PLANNING OKAWARU WORSHIP
  5172 | Temple   | Became a worshipper of Warmaster Okawaru
  5173 | Temple   | 5173 ||| PLANNING D:1-11
  5305 | D:7      | Reached skill level 11 in Dodging
  5328 | D:7      | Found a shimmering blue altar of Sif Muna.
  5328 | D:7      | Found an ornate altar of the Wu Jian Council.
  5337 | D:7      | Found a glowing golden altar of the Shining One.
  5339 | D:7      | Found a faded altar of an unknown god.
  5341 | D:7      | Found a faded altar of an unknown god.
  5442 | D:7      | 5442 ||| READING scroll of identify.
  5442 | D:7      | 5442 ||| IDENTIFYING scroll labelled MUPHOWNEVI
  5443 | D:7      | 5443 ||| READING scroll labelled ZUPROLINUO.
  5443 | D:7      | 5443 ||| BRANDING +0 orcbow.
  5444 | D:7      | 5444 ||| DROPPING scroll of revelation.
  5479 | D:8      | Found Tiyhai's Antique Weapon Boutique.
  5510 | D:8      | Found a snail-covered altar of Cheibriados.
  5554 | D:8      | Found Xiposch's Antique Weapon Shop.
  5746 | D:8      | 5746 ||| RETREEEEATING.
  5748 | D:8      | 5748 ||| RETREEEEATING.
  5753 | D:8      | Reached * piety under Okawaru
  5754 | D:8      | Reached skill level 12 in Dodging
  5755 | D:8      | 5755 ||| RETREEEEATING.
  5757 | D:8      | 5757 ||| RETREEEEATING.
  5758 | D:8      | 5758 ||| RETREEEEATING.
  5762 | D:8      | Reached skill level 1 in Invocations
  5781 | D:8      | Reached skill level 3 in Invocations
  6004 | D:8      | Found Pops's Antique Weapon Boutique.
  6022 | D:8      | 6022 ||| BUYING glowing orcbow (136 gold).
  6022 | D:8      | Bought a glowing orcbow for 136 gold pieces
  6057 | D:8      | Found a shadowy altar of Dithmenos.
  6057 | D:8      | Found a glowing silver altar of Zin.
  6060 | D:8      | Found an opulent altar of Gozag.
  6126 | D:8      | Reached ** piety under Okawaru
  6319 | D:8      | Found Qext's Jewellery Shoppe.
  6323 | D:8      | 6323 ||| SHOPLISTING ring of fire (325 gold, have 232).
  6323 | D:8      | 6323 ||| SHOPLISTING ring of protection from fire (325
                  | gold, have 232).
  6364 | D:8      | 6364 ||| UPGRADING to amulet of reflection.
  6369 | D:8      | 6369 ||| DROPPING ring of wizardry.
  6370 | D:8      | 6370 ||| READING scroll of identify.
  6370 | D:8      | 6370 ||| IDENTIFYING grey potion
  6382 | D:9      | 6382 ||| STAIRDANCE
  6402 | D:9      | Noticed Erica
  6403 | D:9      | 6403 ||| INVOKING Heroism.
  6406 | D:9      | Killed Erica
  6407 | D:9      | Reached XP level 10. HP: 49/49 MP: 10/14
  6509 | D:9      | Reached *** piety under Okawaru
  6741 | D:9      | HP: 12/49 [centaur/arrow (9)]
  6742 | D:9      | 6742 ||| READING 3 scrolls of teleportation.
  6743 | D:9      | 6743 ||| DRINKING 2 potions of heal wounds.
  6882 | D:9      | Found an ancient bone altar of Kikubaaqudgha.
  7060 | D:9      | 7060 ||| UPGRADING to +5 ring of evasion.
  7062 | D:9      | 7062 ||| DROPPING +4 ring of protection.
  7063 | D:9      | 7063 ||| READING 2 scrolls of identify.
  7063 | D:9      | 7063 ||| IDENTIFYING bubbling dark potion
  7064 | D:9      | 7064 ||| READING scroll of identify.
  7064 | D:9      | 7064 ||| IDENTIFYING scroll labelled GET KUFERISE
  7065 | D:9      | 7065 ||| DROPPING potion of ambrosia.
  7066 | D:9      | 7066 ||| DROPPING scroll of fear.
  7087 | D:10     | Entered Level 10 of the Dungeon
  7089 | D:10     | 7089 ||| STAIRDANCE
  7114 | D:9      | Reached skill level 13 in Dodging
  7148 | D:10     | 7148 ||| STAIRDANCE
  7155 | D:10     | 7155 ||| STAIRDANCE
  7165 | D:10     | 7165 ||| STAIRDANCE
  7169 | D:10     | 7169 ||| STAIRDANCE
  7239 | D:10     | Noticed a cyclops
  7240 | D:10     | 7240 ||| INVOKING Heroism.
  7246 | D:10     | Killed a cyclops
  7247 | D:10     | 7247 ||| FLEEEEING.
  7378 | D:10     | Reached **** piety under Okawaru
  7379 | D:10     | Reached skill level 12 in Ranged Weapons
  7399 | D:10     | Found a staircase to the Orcish Mines.
  7818 | D:10     | Noticed a gargoyle
  7819 | D:10     | 7819 ||| INVOKING Finesse.
  7827 | D:10     | Killed a gargoyle
  7898 | D:10     | Reached XP level 11. HP: 53/53 MP: 16/16
  7998 | D:10     | 7998 ||| UPGRADING to +0 steam dragon scales.
  8008 | D:10     | 8008 ||| DROPPING +0 robe.
  8009 | D:10     | 8009 ||| DROPPING amulet of the acrobat.
  8010 | D:10     | 8010 ||| READING scroll labelled GIFIWE OSMEL.
  8010 | D:10     | 8010 ||| ENCHANTING +0 steam dragon scales.
  8031 | D:11     | Noticed a centaur warrior
  8032 | D:11     | 8032 ||| INVOKING Finesse.
  8040 | D:11     | Killed a centaur warrior
  8041 | D:11     | Reached skill level 1 in Armour
  8041 | D:11     | Reached skill level 6 in Invocations
  8081 | D:11     | Found a staircase to the Lair.
  8108 | D:11     | Found a stormy altar of Qazlal.
  8145 | D:11     | Reached skill level 14 in Dodging
  8271 | D:11     | Found a transporter.
  8278 | D:11     | Found a transporter.
  8282 | D:11     | Noticed qw's ghost (journeyman DEHu)
  8606 | D:11     | 8606 ||| PLANNING LAIR
  8606 | D:11     | 8606 ||| READING scroll of identify.
  8606 | D:11     | 8606 ||| IDENTIFYING cyan potion
  8648 | Lair:1   | Entered Level 1 of the Lair of Beasts
  8871 | Lair:1   | Reached ***** piety under Okawaru
  8983 | Lair:1   | 8983 ||| INVOKING Finesse.
  8984 | Lair:1   | 8984 ||| INVOKING Heroism.
  9122 | Lair:1   | 9122 ||| RETREEEEATING.
  9123 | Lair:1   | 9123 ||| RETREEEEATING.
  9125 | Lair:1   | 9125 ||| RETREEEEATING.
  9127 | Lair:1   | 9127 ||| RETREEEEATING.
  9129 | Lair:1   | 9129 ||| RETREEEEATING.
  9131 | Lair:1   | 9131 ||| RETREEEEATING.
  9160 | Lair:1   | Received a gift from Okawaru
  9168 | Lair:1   | Reached skill level 15 in Dodging
  9275 | Lair:1   | 9275 ||| RETREEEEATING.
  9276 | Lair:1   | 9276 ||| RETREEEEATING.
  9281 | Lair:1   | 9281 ||| RETREEEEATING.
  9283 | Lair:1   | 9283 ||| RETREEEEATING.
  9284 | Lair:1   | 9284 ||| RETREEEEATING.
  9285 | Lair:1   | 9285 ||| RETREEEEATING.
  9286 | Lair:1   | 9286 ||| RETREEEEATING.
  9287 | Lair:1   | 9287 ||| RETREEEEATING.
  9288 | Lair:1   | 9288 ||| RETREEEEATING.
  9304 | Lair:1   | Reached skill level 9 in Invocations
  9445 | Lair:1   | Reached XP level 12. HP: 60/60 MP: 19/19
  9789 | Lair:1   | 9789 ||| READING scroll of identify.
  9789 | Lair:1   | 9789 ||| IDENTIFYING golden potion
  9858 | Lair:2   | Found a runed translucent gate.
  9860 | Lair:2   | Found a runed translucent gate.
  9861 | Lair:2   | Found a runed translucent gate.
  9864 | Lair:2   | 9864 ||| RETREEEEATING.
  9867 | Lair:2   | 9867 ||| RETREEEEATING.
  9882 | Lair:2   | 9882 ||| RETREEEEATING.
  9885 | Lair:2   | 9885 ||| RETREEEEATING.
  9889 | Lair:2   | 9889 ||| RETREEEEATING.
  9890 | Lair:2   | 9890 ||| RETREEEEATING.
  9891 | Lair:2   | 9891 ||| RETREEEEATING.
 10037 | Lair:2   | Noticed qw's ghost (journeyman SpHu)
 10037 | Lair:2   | Noticed qw's ghost (journeyman SpHu)
 10037 | Lair:2   | Noticed qw's ghost (journeyman DEHu)
 10075 | Lair:2   | 10075 ||| RETREEEEATING.
 10077 | Lair:2   | 10077 ||| RETREEEEATING.
 10079 | Lair:2   | 10079 ||| RETREEEEATING.
 10335 | Lair:2   | Received a gift from Okawaru
 10430 | Lair:2   | Found a staircase to the Snake Pit.
 10547 | Lair:2   | 10547 ||| RETREEEEATING.
 10548 | Lair:2   | 10548 ||| RETREEEEATING.
 10549 | Lair:2   | 10549 ||| RETREEEEATING.
 10550 | Lair:2   | 10550 ||| RETREEEEATING.
 10557 | Lair:2   | 10557 ||| RETREEEEATING.
 10558 | Lair:2   | 10558 ||| RETREEEEATING.
 10578 | Lair:2   | Reached skill level 16 in Dodging
 10788 | Lair:2   | Found a staircase to the Swamp.
 10816 | Lair:2   | Identified the +10 dagger of Cieptear {venom, *Rage rN+++
                  | Will++}
 10986 | Lair:2   | 10986 ||| UPGRADING to +0 troll leather armour.
 10996 | Lair:2   | 10996 ||| DROPPING +1 steam dragon scales.
 11127 | Lair:3   | 11127 ||| RETREEEEATING.
 11134 | Lair:3   | 11134 ||| RETREEEEATING.
 11135 | Lair:3   | 11135 ||| RETREEEEATING.
 11136 | Lair:3   | 11136 ||| RETREEEEATING.
 11137 | Lair:3   | 11137 ||| RETREEEEATING.
 11138 | Lair:3   | 11138 ||| RETREEEEATING.
 11139 | Lair:3   | 11139 ||| RETREEEEATING.
 11179 | Lair:3   | 11179 ||| RETREEEEATING.
 11181 | Lair:3   | 11181 ||| RETREEEEATING.
 11186 | Lair:3   | 11186 ||| RETREEEEATING.
 11191 | Lair:3   | 11191 ||| RETREEEEATING.
 11195 | Lair:3   | 11195 ||| RETREEEEATING.
 11198 | Lair:3   | 11198 ||| RETREEEEATING.
 11199 | Lair:3   | 11199 ||| RETREEEEATING.
 11338 | Lair:3   | Reached ****** piety under Okawaru
 11339 | Lair:3   | Reached skill level 6 in Fighting
 11339 | Lair:3   | 11339 ||| INVOKING Receive Weapon.
 11339 | Lair:3   | 11339 ||| ACQUIRING +5 arbalest of draining
 11339 | Lair:3   | Acquired a +5 arbalest of draining
 11339 | Lair:3   | Received a gift from Okawaru
 11340 | Lair:3   | 11340 ||| INVOKING Receive Armour.
 11340 | Lair:3   | 11340 ||| ACQUIRING +2 hat of Abstinence {Dex+5}
 11340 | Lair:3   | Acquired the +2 hat of Abstinence {Dex+5}
 11340 | Lair:3   | Received a gift from Okawaru
 11340 | Lair:3   | Noticed a four-headed hydra
 11341 | Lair:3   | 11341 ||| INVOKING Finesse.
 11346 | Lair:3   | Killed a four-headed hydra
 11375 | Lair:3   | 11375 ||| SWAPPING to +5 arbalest of draining.
 11376 | Lair:3   | 11376 ||| DROPPING +0 orcbow of freezing.
 11377 | Lair:3   | 11377 ||| DROPPING +4 antimagic orcbow.
 11436 | Lair:3   | 11436 ||| RETREEEEATING.
 11446 | Lair:3   | Reached XP level 13. HP: 53/65 MP: 21/21
 11454 | Lair:3   | Received a gift from Okawaru
 11457 | Lair:3   | HP: 7/65 [eight-headed hydra (12)]
 11457 | Lair:3   | HP: 2/65 [eight-headed hydra (5)]
 11458 | Lair:3   | 11458 ||| READING 6 scrolls of teleportation.
 11458 | Lair:3   | Mangled by an eight-headed hydra

Levels and vault maps discovered:
D:1:      onia_arrival_pentagram, layout_loops_cross
D:2:      layout_basic, dreamdust_ecumenical_altar_grove, serial_bayou,
          serial_bayou_pond_d, serial_bayou_pond_c, serial_bayou_pond_a,
          serial_bayou_lagoon_b
D:3:      layout_basic, minmay_misc_feat_chi
D:4:      layout_gridville, mainiacjoe_overflow_surrounded_room,
          nicolae_elyvilon_peaceful_grove, minmay_misc_feat_five,
          uniq_eustachio, uniq_sigmund
D:5:      layout_basic, mainiacjoe_overflow_small_starburst,
          mainiacjoe_overflow_boulevard, chequers_serial_rivers_micro_e,
          uniq_blork_the_orc
D:6:      layout_basic
D:7:      layout_rooms, lightli_temple_of_fire,
          chequers_temple_overflow_minitemple, minmay_temple_entry_grid,
          chequers_serial_rivers_micro_c, minmay_misc_feat_ornament
D:8:      layout_loops_ring, cheibriados_altar_1, grunt_temple_overflow_open,
          serial_shops, nicolae_shop_crystal, nicolae_shop_trees,
          shop_fountains, nicolae_shop_back_alley_shop,
          serial_library_hellmonk_semicircle
D:9:      layout_rooms, kiku_gazebo_garden_becter, uniq_erica
D:10:     layout_long_grid, erik_orc_3
D:11:     layout_basic, david_lair_shrubbed, gammafunk_ghost_berserking_beasts,
          nicolae_qazlal_scattered_showers
Temple:   jpeg_temple_island
Lair:1:   layout_concentric_octagons, beast_lair_carwin_8, lemuel_fruit_tree
Lair:2:   dreamdust_cave_troll, layout_cave_shapes, minmay_swamp_entry_wisps,
          nicolae_snake_entry_warm_welcome, gammafunk_ghost_cemetery
Lair:3:   layout_regular_city

Skill      XL: |  1  2  3  4  5  6  7  8  9 10 11 12 |
---------------+-------------------------------------+-----
Dodging        | 3 4 5 6 8 10 12 13 15 16 | 16.1
Ranged Weapons | 5 6 7 8 9 10 12 14 | 14.4
Fighting       | 2 3 4 5 6 |  6.0
Invocations    | 4 5 9 10 | 10.0
Armour         | 1 |  1.1
Stealth        | |  1.5

Action                     |  1- 3 |  4- 6 |  7- 9 | 10-12 | 13-15 || total
---------------------------+-------+-------+-------+-------+-------++-------
   Fire: Shortbow          |   102 |   122 |    87 |       |       ||   311
         Orcbow            |       |       |   283 |   773 |       ||  1056
         Arbalest          |       |       |       |    24 |    12 ||    36
 Invoke: Heroism           |       |       |     1 |     2 |       ||     3
         Finesse           |       |       |       |     4 |       ||     4
         Receive Weapon    |       |       |       |     1 |       ||     1
         Receive Armour    |       |       |       |     1 |       ||     1
  Evoke: Wand              |       |    22 |       |       |       ||    22
    Use: Scroll            |     2 |     6 |     7 |     6 |     1 ||    22
         Potion            |       |       |       |     1 |       ||     1
 Armour: Robe              |     8 |    24 |    41 |    20 |       ||    93
         Steam dragon scal |       |       |       |    25 |       ||    25
         Troll leather arm |       |       |       |    13 |     9 ||    22
  Dodge: Dodged            |    38 |    31 |   149 |   386 |    42 ||   646
  Block: Other             |       |       |       |    72 |     7 ||    79
         Reflection        |       |       |       |     3 |       ||     3

Table legend:
 A = Non-vault XP
 B = Vault XP
 C = Vault XP percentage of total XP
 D = Non-vault monster count
 E = Vault monster count
 F = Vault count percentage of total count
                 A         B        C        D         E       F
            +---------+---------+-------+---------+---------+-------
      Total |   30756 |    7731 |  20.1 |     286 |      37 |  11.5
            +---------+---------+-------+---------+---------+-------
        D:1 |      16 |       0 |   0.0 |      10 |       0 |   0.0
        D:2 |      91 |       0 |   0.0 |      23 |       0 |   0.0
        D:3 |      37 |       0 |   0.0 |      14 |       0 |   0.0
        D:4 |     146 |     420 |  74.2 |      23 |       2 |   8.0
        D:5 |     635 |      96 |  13.1 |      21 |       1 |   4.5
        D:6 |     840 |       0 |   0.0 |      22 |       0 |   0.0
        D:7 |     894 |       0 |   0.0 |      12 |       0 |   0.0
        D:8 |    2265 |       0 |   0.0 |      33 |       0 |   0.0
        D:9 |    1440 |    1178 |  45.0 |      28 |       3 |   9.7
       D:10 |    2666 |     845 |  24.1 |      13 |      17 |  56.7
       D:11 |    1721 |     551 |  24.3 |       9 |       2 |  18.2
     Lair:1 |    5769 |    2736 |  32.2 |      20 |       7 |  25.9
     Lair:2 |    6556 |    1905 |  22.5 |      34 |       5 |  12.8
     Lair:3 |    7680 |       0 |   0.0 |      24 |       0 |   0.0
            +---------+---------+-------+---------+---------+-------
